 Dungeon Crawl Stone Soup version 0.16.0-17-g811c1d7 (webtiles) character file.

34520 esc the Fighter (level 13, 0/107 HPs)
             Began as a Demonspawn Gladiator on Mar 17, 2015.
             Was the Champion of Makhleb.
             Succumbed to a spiny frog's poison
             ... on level 5 of the Lair of Beasts on Mar 20, 2015.
             The game lasted 01:09:10 (20037 turns).

esc the Fighter (Demonspawn Gladiator)             Turns: 20037, Time: 01:09:11

Health: 0/107      AC: 16    Str: 21    XL:     13   Next: 42%
Magic:  26/26      EV: 23    Int:  8    God:    Makhleb [******]
Gold:   1111       SH:  0    Dex: 23    Spells: 0 memorised, 12 levels left

rFire  + + +     SeeInvis .       - Unarmed
rCold  + . .     Clarity  .     W - +2 leather armour of Vanity {rF++ Str-3 Dex+7}
rNeg   + . .     SustAb   .     (no shield)
rPois  +         Gourm    .     c - +0 helmet
rElec  .         Spirit   .     X - +4 cloak of Juluad {rPois rN+ Str+4 Int-4 Dex-3}
rCorr  .         Warding  .     g - +1 pair of gloves
rMut   .         Stasis   .     s - +0 pair of boots
MR     +....                    (no amulet)
Stlth  ++++......               V - ring "Geqa" {rF+ Stlth+}
                                b - ring of protection from magic

@: mighty, lethally poisoned (0 -> -23), very slightly contaminated, slowed,
very slow, somewhat resistant to hostile enchantments, stealthy
A: hooves 2, thin skeletal structure 1, cold resistance 1, powered by pain 1,
freezing cloud immunity
a: Minor Destruction, Lesser Servant of Makhleb, Major Destruction, Greater
Servant of Makhleb, Renounce Religion


You were on level 5 of the Lair of Beasts.
You worshipped Makhleb.
Makhleb was exalted by your worship.
You were not hungry.

You visited 3 branches of the dungeon, and saw 21 of its levels.
You also visited: Sewer.

You collected 1956 gold pieces.
You spent 845 gold pieces at shops.

Inventory:

Missiles
 d - 3 throwing nets (quivered)
Armour
 c - a +0 helmet (worn)
 g - a +1 pair of gloves (worn)
 s - a +0 pair of boots (worn)
 W - the +2 leather armour of Vanity (worn) {rF++ Str-3 Dex+7}
   (You bought it in a shop on level 4 of the Orcish Mines)

   It affects your strength (-3).
   It affects your dexterity (+7).
   It greatly protects you from fire.
 X - the +4 cloak of Juluad (worn) {rPois rN+ Str+4 Int-4 Dex-3}
   (You bought it in a shop on level 4 of the Orcish Mines)

   It affects your strength (+4).
   It affects your intelligence (-4).
   It affects your dexterity (-3).
   It protects you from poison.
   It protects you from negative energy.
Jewellery
 b - a ring of protection from magic (left hand)
 l - an uncursed ring of teleportation
 y - an uncursed ring of protection from magic
 H - an uncursed ring of fire
 U - an uncursed ring of protection from fire
 V - the ring "Geqa" (right hand) {rF+ Stlth+}
   (You bought it in a shop on level 4 of the Orcish Mines)

   [ring of stealth]

   It protects you from fire.
   It makes you more stealthy.
 Z - a +3 ring of intelligence
Magical devices
 B - a wand of disintegration (13)
 I - a wand of slowing (9)
 K - a wand of flame (34)
 M - a wand of fireball (4)
 Y - a wand of fire (7)
Scrolls
 f - 6 scrolls of remove curse
 h - a scroll of silence
 k - 3 scrolls of magic mapping
 E - a scroll of noise
 F - 4 scrolls of recharging
 G - 3 scrolls of fear
 N - 2 scrolls of identify
 Q - 2 scrolls of teleportation
 S - 3 scrolls of blinking
Potions
 m - 6 potions of flight
 n - a potion of agility
 p - 2 potions of cure mutation
 q - 2 potions of might
 r - 2 potions of restore abilities
 v - 2 potions of berserk rage
 w - 3 potions of invisibility
 x - 5 potions of curing
 z - 5 potions of heal wounds
 A - 2 potions of cancellation
 C - a potion of brilliance
Miscellaneous
 e - a lamp of fire
 t - a disc of storms
 u - a box of beasts
Comestibles
 a - 11 bread rations
 i - 9 beef jerkies
 j - 12 meat rations
 o - 14 chunks of flesh
 D - 6 poisonous chunks of flesh
 J - a slice of pizza


   Skills:
 - Level 11.8 Fighting
 - Level 1.7 Throwing
 - Level 8.1 Armour
 - Level 10.9 Dodging
 - Level 3.7 Stealth
 - Level 10.9 Unarmed Combat
 - Level 9.4 Invocations
 + Level 4.8 Evocations


You had 12 spell levels left.
You didn't know any spells.

Dungeon Overview and Level Annotations

Branches:
Dungeon (12/15)            Temple (0/1) D:6            Lair (5/8) D:10
    Orc (4/4) D:9             Elf (0/3) Orc:3
  Swamp: Lair:3-6    Shoals: Lair:3-6     Snake: Lair:3-6    Spider: Lair:3-6

Altars:
Elyvilon
Makhleb
Okawaru
Qazlal
Xom
Yredelemnul
The Shining One
Beogh

Shops:
Orc:1 !   Orc:2 (   Orc:4 *%([*


Innate Abilities, Weirdness & Mutations

You have hoof-like feet.
You have a somewhat thin skeletal structure (Dex +2, Stealth).
Your flesh is cold resistant.
You sometimes gain a little power by taking damage.
You are immune to freezing clouds.


Message History

You kill the spiny frog!
The spiny frog's corpse disappears in a puff of smoke!
You feel very sick. The death yak gores you!!
The torpor snail bites you but does no damage.
The crocodile barely misses you.
You pummel the crocodile!!!
You kill the crocodile!
The crocodile's corpse disappears in a puff of smoke!
You feel very sick. The death yak completely misses you.
The torpor snail bites you!!
* * * LOW HITPOINT WARNING * * *
The death yak gores you!!
* * * LOW HITPOINT WARNING * * *
Read which item? (? for menu, Esc to quit)
Blink to where?
Press: ? - help, Dir - move target cursor You are very lightly contaminated with residual magic.
As you read the scroll of blinking, it crumbles to dust.
You die...

............†.............#.####
...........†.†.....#.P.....#####
..<.................#.......##P##
.........÷........###....<..#...#
..........†...........#..........
.................#...#.#........
..............###.....##......##
.(....#.P.....###.#...##.....##
........P.....@.#....P#...###
........................##
....P..................#
.......##...#.......###
....#......#.........#
........l##.........##
.......##§##........#
.......Yw##.....####
........Y###....##


You could see a death yak, a torpor snail and an iguana.

Vanquished Creatures
  Snorg (Lair:4)
  A hydra (Lair:3)
  An orc high priest (Orc:4)
  An unseen horror (D:9)
  Erolcha (D:8)
  An orc knight (Orc:2)
  An orc sorcerer (Orc:3)
  An ugly thing (D:11)
  A sixfirhy (Orc:4)
  A griffon (Lair:3)
  2 centaur zombies (D:11)
  2 black mambas
  3 spiny frogs
  3 elephants (Lair:4)
  A torpor snail (Lair:5)
  Psyche (Orc:2)
  4 trolls
  5 fire drakes (Lair:4)
  2 two-headed ogres (D:8)
  Prince Ribbit (D:5)
  A basilisk (Lair:4)
  21 yaks
  A wyvern (D:9)
  6 hippogriffs
  A wraith (D:11)
  Eustachio (D:6)
  7 water moccasins
  6 wargs
  2 hungry ghosts
  A mottled dragon (D:11)
  9 wolves (Lair:4)
  5 porcupines
  A trapdoor spider simulacrum (D:10)
  Purgy (D:4)
  34 orc warriors
  3 ice beasts
  A phantom (D:8)
  A sky beast (D:5)
  2 black bears (D:9)
  A boring beetle (Lair:5)
  3 centaurs
  3 big kobolds
  10 ogres
  9 crocodiles
  5 giant frogs
  A water moccasin zombie (D:5)
  2 scorpions (D:6)
  16 killer bees
  An electric eel (Lair:4)
  A vampire bat (Orc:2)
  A wight (D:11)
  A lava snake (Lair:4)
  A giant frog zombie (D:10)
  9 hounds
  3 jellies
  2 giant frog skeletons
  2 crimson imps
  26 orc priests
  49 orc wizards
  11 iguanas
  5 worker ants
  Jessica (D:3)
  3 hound zombies
  Terence (D:3)
  A hound skeleton (D:7)
  A mummy (D:11)
  Robin (D:2)
  26 adders
  3 gnolls (D:7)
  39 river rats
  2 shadow imps (D:7)
  3 white imps (D:10)
  3 ufetubi (D:10)
  3 worms (D:3)
  6 giant geckos
  202 orcs
  10 giant cockroaches
  31 goblins
  17 hobgoblins
  7 jackals
  7 quokkas
  3 ball pythons
  16 bats
  4 giant newts
  20 kobolds
  An orc skeleton (Orc:3)
  An orc zombie (Orc:3)
  17 rats
729 creatures vanquished.

Vanquished Creatures (collateral kills)
  Saint Roka (Orc:4)
  An orc warlord (Orc:3)
  An orc high priest (Orc:4)
  An orc knight (Orc:4)
  A blue devil (Orc:4)
  9 orc warriors
  2 orc priests (Orc:4)
  2 orc wizards (Orc:3)
  8 orcs
26 creatures vanquished.

Vanquished Creatures (others)
  A green death (Orc:2)
  A fire drake (Lair:4)
2 creatures vanquished.

Grand Total: 757 creatures vanquished

Notes
Turn   | Place    | Note
--------------------------------------------------------------
     0 | D:1      | esc, the Demonspawn Gladiator, began the quest for the Orb.
     0 | D:1      | Reached XP level 1. HP: 16/16 MP: 1/1
   181 | D:1      | Gained mutation: You have a somewhat thin skeletal structure (Dex +2, Stealth). [demonic ancestry]
   181 | D:1      | Reached XP level 2. HP: 17/23 MP: 2/2
   292 | D:1      | Reached skill level 1 in Armour
   858 | D:2      | Noticed Robin
   862 | D:2      | Gained mutation: You sometimes gain a little power by taking damage. [demonic ancestry]
   862 | D:2      | Reached XP level 3. HP: 28/28 MP: 3/3
   869 | D:2      | Reached skill level 3 in Dodging
   870 | D:2      | Killed Robin
  1174 | D:2      | Gained mutation: Your flesh is cold resistant. [demonic ancestry]
  1174 | D:2      | Reached XP level 4. HP: 26/34 MP: 4/4
  1190 | D:2      | Found a basalt altar of Yredelemnul.
  1791 | D:3      | Noticed Jessica
  1806 | D:3      | Killed Jessica
  1873 | D:3      | Reached XP level 5. HP: 41/41 MP: 5/5
  1954 | D:3      | Noticed Terence
  1959 | D:3      | Killed Terence
  2095 | D:3      | Found a stormy altar of Qazlal.
  2095 | D:3      | Found a shimmering altar of Xom.
  2357 | D:3      | Found a glowing drain.
  2364 | Sewer    | Entered a sewer
  2742 | Sewer    | Reached skill level 4 in Dodging
  2742 | Sewer    | Reached XP level 6. HP: 30/48 MP: 6/6
  2774 | Sewer    | Found a white marble altar of Elyvilon.
  3066 | D:3      | Found a burning altar of Makhleb.
  3066 | D:3      | Noticed a green death
  3070 | D:3      | Noticed a ynoxinul
  3070 | D:3      | Noticed a smoke demon
  3072 | D:3      | Became a worshipper of Makhleb the Destroyer
  3796 | D:4      | Noticed Purgy
  3810 | D:4      | Killed Purgy
  3810 | D:4      | Reached XP level 7. HP: 31/54 MP: 7/7
  4560 | D:5      | Entered Level 5 of the Dungeon
  4818 | D:5      | Noticed Prince Ribbit
  4938 | D:5      | Acquired Makhleb's first power
  4998 | D:5      | Found a glowing golden altar of the Shining One.
  4998 | D:5      | Found a basalt altar of Yredelemnul.
  4999 | D:5      | Noticed an angel
  5004 | D:5      | Noticed a profane servitor
  5212 | D:5      | Killed Prince Ribbit
  5212 | D:5      | Reached skill level 5 in Fighting
  5212 | D:5      | Reached skill level 5 in Dodging
  5212 | D:5      | Reached skill level 5 in Unarmed Combat
  5212 | D:5      | Reached XP level 8. HP: 57/62 MP: 8/8
  5361 | D:6      | Found a white marble altar of Elyvilon.
  5367 | D:6      | Found a staircase to the Ecumenical Temple.
  5371 | D:6      | Reached skill level 8 in Fighting
  5371 | D:6      | Gained mutation: You have large cloven feet. [demonic ancestry]
  5371 | D:6      | Reached XP level 9. HP: 67/74 MP: 9/9
  5668 | D:6      | Noticed Eustachio
  5698 | D:6      | Killed Eustachio
  5710 | D:6      | Acquired Makhleb's second power
  6509 | D:7      | Acquired Makhleb's third power
  6919 | D:8      | Found an iron altar of Okawaru.
  6927 | D:8      | Reached XP level 10. HP: 82/82 MP: 10/10
  7344 | D:8      | Reached skill level 9 in Fighting
  7385 | D:8      | Noticed Erolcha
  7393 | D:8      | Killed Erolcha
  7393 | D:8      | Acquired Makhleb's fourth power
  7707 | D:9      | Found a staircase to the Orcish Mines.
  8178 | D:9      | Killed an unseen horror
  8530 | D:10     | Entered Level 10 of the Dungeon
  8594 | D:10     | Upgraded the game from 0.16.0-11-gd45b091 to 0.16.0-17-g811c1d7
  8643 | D:10     | Found a staircase to the Lair.
  8682 | D:10     | Reached XP level 11. HP: 78/89 MP: 11/11
  9100 | D:10     | Reached skill level 5 in Invocations
  9262 | D:10     | Acquired Makhleb's fifth power
 10466 | D:12     | Noticed a six-headed hydra
 10625 | Orc:1    | Entered Level 1 of the Orcish Mines
 10809 | Orc:1    | Found Haegeal's Distillery.
 10990 | Orc:1    | Bought a potion of heal wounds for 70 gold pieces
 11050 | Orc:1    | You fall through a shaft!
 11129 | Orc:2    | Noticed Psyche
 11521 | Orc:2    | Found Treakhiott's Weapon Boutique.
 12158 | Orc:2    | Killed Psyche
 12299 | Orc:2    | Reached skill level 10 in Fighting
 13311 | Orc:3    | Noticed an orc warlord
 13313 | Orc:3    | Gained mutation: You are immune to freezing clouds. [demonic ancestry]
 13313 | Orc:3    | Reached XP level 12. HP: 97/97 MP: 25/25
 13538 | Orc:4    | Entered Level 4 of the Orcish Mines
 13814 | Orc:3    | Found a staircase to the Elven Halls.
 13867 | Orc:3    | Killed an orc warlord
 14287 | Orc:4    | Found a roughly hewn altar of Beogh.
 14287 | Orc:4    | Found Klaul's Food Shop.
 14367 | Orc:4    | Found a roughly hewn altar of Beogh.
 14390 | Orc:4    | Found Wazupa Thrach's Assorted Antiques.
 14606 | Orc:4    | Bought a coiled ivory ring for 140 gold pieces
 14607 | Orc:4    | Identified the ring "Geqa" {rF+ Stlth+} (You bought it in a shop on level 4 of the Orcish Mines)
 14610 | Orc:4    | Bought a brightly glowing leather armour for 196 gold pieces
 14620 | Orc:4    | Identified the +2 leather armour of Vanity {rF++ Str-3 Dex+7} (You bought it in a shop on level 4 of the Orcish Mines)
 14719 | Orc:4    | Found a roughly hewn altar of Beogh.
 14804 | Orc:4    | Found a roughly hewn altar of Beogh.
 14977 | Orc:4    | Found Zugeunoi's Assorted Antiques.
 14985 | Orc:4    | Bought a scroll labeled OBADDU SUZEL for 26 gold pieces
 14985 | Orc:4    | Bought a scroll of identify for 52 gold pieces
 15026 | Orc:4    | Found a roughly hewn altar of Beogh.
 15073 | Orc:4    | Found a roughly hewn altar of Beogh.
 15125 | Orc:4    | Reached skill level 10 in Unarmed Combat
 15422 | Orc:4    | Reached skill level 10 in Dodging
 15456 | Orc:4    | Reached skill level 11 in Fighting
 15477 | Orc:4    | Noticed Saint Roka
 15874 | Orc:4    | Killed Saint Roka
 15902 | Orc:4    | Found a roughly hewn altar of Beogh.
 15902 | Orc:4    | Found Wilueh's Antique Weapon Boutique.
 15906 | Orc:4    | Found Shresi's Antique Armour Shop.
 15941 | Orc:4    | Bought a pitted cloak for 361 gold pieces
 15951 | Orc:4    | Identified the +4 cloak of Juluad {rPois rN+ Str+4 Int-4 Dex-3} (You bought it in a shop on level 4 of the Orcish Mines)
 16197 | Lair:1   | Entered Level 1 of the Lair of Beasts
 16583 | Lair:1   | You fall through a shaft!
 18098 | Lair:3   | Noticed a four-headed hydra
 18117 | Lair:3   | Killed a four-headed hydra
 18293 | Lair:3   | Gained mutation: You have hoof-like feet. [demonic ancestry]
 18293 | Lair:3   | Reached XP level 13. HP: 106/106 MP: 26/26
 19094 | Lair:4   | Reached skill level 1 in Stealth
 19450 | Lair:4   | Noticed Snorg
 19463 | Lair:4   | Killed Snorg
 20036 | Lair:5   | HP: 2/107 [death yak[the player character] (23)]
 20037 | Lair:5   | Succumbed to a spiny frog's poison

Action                   |  1- 3 |  4- 6 |  7- 9 | 10-12 | 13-15 || total
-------------------------+-------+-------+-------+-------+-------++-------
Melee: Unarmed           |   115 |   277 |   322 |  1415 |   238 ||  2367
Throw: Throwing net      |       |       |       |     2 |       ||     2
Invok: Lesser Servant of |       |       |       |     1 |       ||     1
       Greater Servant o |       |       |       |     5 |       ||     5
       Major Destruction |       |       |       |     2 |       ||     2
Evoke: Wand              |       |       |     4 |    16 |     1 ||    21
  Use: Scroll            |     3 |     2 |    13 |    10 |     3 ||    31
       Potion            |     2 |     1 |     2 |     1 |       ||     6
 Stab: Sleeping          |     4 |       |     2 |    10 |     5 ||    21
       Distracted        |     1 |       |       |     1 |       ||     2
  Eat: Chunk             |     1 |     7 |     8 |    31 |     4 ||    51
       Pizza             |       |     1 |       |     1 |       ||     2
       Fruit             |       |       |     3 |       |       ||     3
       Royal jelly       |       |       |       |     2 |     1 ||     3
       Beef jerky        |       |       |       |     2 |       ||     2
